 Dungeon Crawl Stone Soup version 0.30-a0-965-g42e074c17a (webtiles) character file.

Game seed: 106320453772418295

170 xian the Shooter (level 5, -2/35 HPs)
             Began as an Octopode Hunter on Mar 31, 2023.
             Killed from afar by Natasha (8 damage)
             ... with a magic dart
             ... on level 2 of the Dungeon.
             The game lasted 00:02:37 (1478 turns).

xian the Shooter (Octopode Hunter)                  Turns: 1478, Time: 00:02:38

Health: -2/35      AC:  1    Str: 12    XL:     5   Next: 51%
Magic:  5/5        EV: 10    Int: 11    God:
Gold:   95         SH:  0    Dex: 16    Spells: 4/4 levels left

rFire   . . .      SeeInvis .    a - +0 shortbow
rCold   . . .      Faith    .    (shield currently unavailable)
rNeg    . . .      Spirit   .    (helmet restricted)
rPois   .          Reflect  .    (no amulet)
rElec   .          Rampage  .    (no ring)
rCorr   .                        (no ring)
Will    .....                    (no ring)
Stlth   +++                      (no ring)
HPRegen 0.25/turn                (no ring)
MPRegen 0.09/turn                (no ring)
                                 (no ring)
                                 (no ring)

@: grasped by roots, constricted
A: almost no armour, amphibious, 8 rings, camouflage 1, gelatinous body 1,
(nimble swimmer 1), tentacles
a: no special abilities


You were on level 2 of the Dungeon.
You visited 1 branch of the dungeon, and saw 2 of its levels.

You collected 95 gold pieces.

Inventory:

Hand Weapons
 a - a +0 shortbow (weapon)
 o - a +2 quarterstaff of chaos
Scrolls
 b - a scroll of immolation
 c - a scroll of blinking {unknown}
 d - 2 scrolls of teleportation {unknown}
 e - a scroll of noise {unknown}
 f - 3 scrolls of identify {unknown}
 g - a scroll of fog {unknown}
 h - a scroll of magic mapping {unknown}
Potions
 i - 3 potions of resistance {unknown}
 j - 3 potions of mutation {unknown}
 k - a potion of attraction {unknown}
 l - a potion of curing {unknown}
 m - a potion of heal wounds {unknown}
 n - a potion of lignification {unknown}


   Skills:
 + Level 2.6 Fighting
 + Level 6.2 Ranged Weapons
 + Level 2.2 Dodging
 + Level 1.5 Stealth


You had 4 spell levels left.
You didn't know any spells.
Your spell library contained the following spells:

 Spells                   Type           Power      Damage    Failure   Level
 Beastly Appendage        Tmut           0%         N/A       34%         1
 Static Discharge         Conj/Air       0%         2-2/arc   47%         2
 Wereblood                Tmut           0%         N/A       47%         2
 Spider Form              Tmut/Pois      0%         N/A       71%         3
 Tukima's Dance           Hex            0%         N/A       71%         3
 Vhi's Electric Charge    Tloc/Air       0%         N/A       71%         3
 Passage of Golubria      Tloc           0%         N/A       98%         4
 Alistair's Intoxication  Tmut/Pois      0%         N/A       100%        5
 Arcjolt                  Conj/Air       0%         1d10      100%        5
 Borgnjor's Vile Clutch   Necr/Erth      0%         N/A       100%        5
 Freezing Cloud           Conj/Ice/Air   0%         6-21      100%        5
 Plasma Beam              Fire/Air       0%         2x1d7     100%        5
 Yara's Violent Unravell  Hex/Tmut       0%         3d3       100%        5
 Eringya's Noxious Bog    Tmut/Pois      0%         N/A       100%        6
 Simulacrum               Ice/Necr       0%         N/A       100%        6
 Polar Vortex             Ice            0%         N/A       100%        9


Dungeon Overview and Level Annotations

Branches:
Dungeon (2/15)

Altars:

Annotations:
D:2 Natasha


Innate Abilities, Weirdness & Mutations

You cannot wear most types of armour.
You are amphibious.
You can wear up to eight rings at the same time.
Your skin changes colour to match your surroundings (Stealth+).
Your rubbery body absorbs attacks. (AC +1, EV +1)
((You are camouflaged when in or above water. (Stealth+)))
You have tentacles for arms and can constrict up to eight enemies at once.


Message History

You resist with some effort. The grasping roots constrict you.
You shoot an arrow. The arrow completely misses Natasha.
The grasping roots constrict you.
The grasping roots release their grip on you.
You are too injured to fight recklessly!
You are too injured to fight recklessly!
You are too injured to fight recklessly!
You are too injured to fight recklessly!
You are too injured to fight recklessly!
Fire: a) +0 shortbow
Press: ? - help, Q - select action Shift-Dir - straight line, f/p - Natasha
Aim: Natasha, carrying a wand of roots (4) (58% to hit)
You shoot an arrow. The arrow barely misses Natasha.
Fire: a) +0 shortbow
Press: ? - help, Q - select action Shift-Dir - straight line, f/p - Natasha
Aim: Natasha, carrying a wand of roots (4) (58% to hit)
You shoot an arrow. The arrow hits Natasha.
Natasha is lightly wounded.
Natasha casts a spell.
Unknown command.
Fire: a) +0 shortbow
Press: ? - help, Q - select action Shift-Dir - straight line, f/p - Natasha
Aim: Natasha, carrying a wand of roots (4) (58% to hit)
You shoot an arrow. The arrow hits Natasha!
Natasha is heavily wounded.
Natasha zaps a wand.
The roots erupt in riotous growth!
The grasping roots grab you!
The iron imp is unaffected.
Natasha is unaffected.
The grasping roots constrict you!
* * * LOW HITPOINT WARNING * * *
The iron imp hits you.
* * * LOW HITPOINT WARNING * * *
Fire: a) +0 shortbow
Press: ? - help, Q - select action Shift-Dir - straight line, f/p - Natasha
Aim: Natasha, carrying a wand of roots (3) (heavily wounded, 58% to hit)
You shoot an arrow. The arrow hits Natasha.
Natasha is severely wounded.
Natasha stares at you and mumbles some strange words.
The magic dart hits you!
You die...

..####.....########.#...##.......
...........# #.#...###......
#########..# #.#...####...†#
#..########.#...'..######
♣♣♣♣♣###.#........#...##.^..###
♣♣♣.♣..#.....#########.######....
♣..♣.P.......#....#....# #####
.♣♣♣♣.............#.#### ♣♣
♣♣.#.....###@5.....#
♣♣##.......h......#
#....###.......# #######
####.###.###...# #...... ########
#.##..#.#...# #.####. ....##.#
#.##.#.⌠.#..# #.#.... .......#
#.##..#.#...# #.#.... ....####
#.###.###...# #.##### ....####
#.# ##)..#### #......


You could see an iron imp (summoned) and Natasha.

Vanquished Creatures
  Crazy Yiuf (D:2)
  Jessica (D:2)
  Natasha (twice) (D:2)
  A worm (D:2)
  2 dart slugs (D:1)
  5 ball pythons (D:1)
  5 endoplasms
  13 giant cockroaches (D:2)
  5 goblins
  4 hobgoblins
  4 jackals (D:2)
  2 quokkas
  3 bats (D:1)
  A frilled lizard (D:2)
  3 kobolds
  2 rats (D:2)
54 creatures vanquished.

Notes
Turn   | Place    | Note
-------+----------+-------------------------------------------
     0 | D:1      | xian the Octopode Hunter began the quest for the Orb.
     0 | D:1      | Reached XP level 1. HP: 14/14 MP: 1/1
   133 | D:1      | Reached XP level 2. HP: 18/19 MP: 2/2
   469 | D:1      | Reached XP level 3. HP: 24/24 MP: 3/3
   706 | D:2      | Noticed Natasha
   710 | D:2      | Reached skill level 5 in Ranged Weapons
   719 | D:2      | Killed Natasha
   720 | D:2      | Reached XP level 4. HP: 21/30 MP: 4/4
   813 | D:2      | Noticed Jessica
   821 | D:2      | Killed Jessica
  1169 | D:2      | Found a runed translucent door.
  1170 | D:2      | Noticed Crazy Yiuf
  1177 | D:2      | Killed Crazy Yiuf
  1178 | D:2      | Reached skill level 6 in Ranged Weapons
  1178 | D:2      | Reached XP level 5. HP: 35/35 MP: 5/5
  1330 | D:2      | Noticed Natasha
  1336 | D:2      | Killed Natasha
  1472 | D:2      | Noticed Natasha
  1478 | D:2      | Killed from afar by Natasha

Illustrated notes

Levels and vault maps discovered:
D:1:      matt_arrival_diagonals, layout_basic
D:2:      minmay_roachtagon, layout_basic, chequers_hall_statues_corner_a,
          chequers_serial_rivers_small_3, grunt_decor_one_mirror, uniq_jessica,
          uniq_crazy_yiuf_cottage, uniq_natasha

Skill      XL: |  1  2  3  4 |
---------------+-------------+-----
Ranged Weapons | 5 6 |  6.2
Fighting       | |  2.6
Dodging        | |  2.2
Stealth        | |  1.5

Action                     |  1- 3 |  4- 6 || total
---------------------------+-------+-------++-------
   Fire: Shortbow          |    79 |    77 ||   156
 Armour: Skin              |     4 |     5 ||     9
  Dodge: Dodged            |    25 |    30 ||    55

Table legend: (Time is in decaauts)
 A = Elapsed time spent in this place.
 B = Non-inter-level travel time spent in this place.
 C = Inter-level travel time spent in this place.
 D = Time resting spent in this place.
 E = Time spent auto-exploring this place.
 F = Levels seen in this place.
 G = Mean time per level.
                   A        B        C        D        E       F      G
               +--------+--------+--------+--------+--------+-----+--------+
         Total |   1514 |   1514 |      0 |      0 |   1229 |   2 |  757.0 |
       Dungeon |   1514 |   1514 |      0 |      0 |   1229 |   2 |  757.0 |
               +--------+--------+--------+--------+--------+-----+--------+

Top non-repeatable levels by time:
     D:2: 911 daAuts
     D:1: 603 daAuts
